 Dungeon Crawl Stone Soup version 0.26-a0-752-gcff87cac9a (webtiles) character file.

Game seed: 18320302581189661189

8 dolemite99 the Poker (level 2, 0/22 HPs)
             Began as a Demonspawn Gladiator on Nov 7, 2020.
             Slain by a kobold (4 damage)
             ... on level 2 of the Dungeon.
             The game lasted 00:01:17 (271 turns).

dolemite99 the Poker (Demonspawn Gladiator)          Turns: 271, Time: 00:01:18

Health: 0/22       AC:  5    Str: 14    XL:     2   Next: 0%
Magic:  2/2        EV: 11    Int:  9    God:
Gold:   42         SH:  0    Dex: 14    Spells: 1/1 levels left

rFire    . . .     SeeInvis .   a - +0 trident
rCold    . . .     Faith    .   (no shield)
rNeg     . . .     Spirit   .   f - +0 ring mail
rPois    .         Reflect  .   (helmet restricted)
rElec    .         Harm     .   (no cloak)
rCorr    .         Rampage  .   (no gloves)
MR       .....                  (no boots)
Stlth    +.........             (no amulet)
HPRegen  0.07/turn              (no ring)
MPRegen  0.08/turn              (no ring)

@: brilliant
A: antennae 1
a: no special abilities


You were on level 2 of the Dungeon.
You visited 1 branch of the dungeon, and saw 2 of its levels.

You collected 42 gold pieces.

Inventory:

Hand Weapons
 a - a +0 trident (weapon)
 h - a +0 hunting sling
Missiles
 d - 2 throwing nets (quivered)
Armour
 b - a +0 leather armour
 c - a +0 helmet
 f - a +0 ring mail (worn)


   Skills:
 - Level 2.0 Fighting
 + Level 3.2 Polearms
 - Level 1.7 Throwing
 - Level 2.6 Dodging


You had one spell level left.
You didn't know any spells.
Your spell library was empty.

Dungeon Overview and Level Annotations

Branches:
Dungeon (2/15)

Altars:


Innate Abilities, Weirdness & Mutations

You have a pair of small antennae on your head.


Message History

The kobold barely misses you.
You slide downwards.
The hatch slams shut behind you. 2 ball pythons come into view.
The ball python hisses angrily. x2
Found 25 gold pieces and a ring mail.
The kobold hits you but does no damage. The giant cockroach closely misses you.
You hit the ball python.
The ball python is severely wounded.
The kobold hits you but does no damage. The ball python closely misses you.
The ball python barely misses you. The giant cockroach closely misses you.
You puncture the ball python!
You kill the ball python!
You have reached level 2!
Your demonic ancestry asserts itself...
A pair of antennae grows on your head!
Your +0 helmet falls away!
The kobold hits you.
* * * LOW HITPOINT WARNING * * *
The giant cockroach closely misses you. The kobold closely misses you.
The kobold hits you.
You die...

#### ... # #.#
$#
######.####.####
...........$....
#.........##
#....K.....#
#...@SB....#
##########.[# .#


You could see a giant cockroach, a ball python and a kobold.

Vanquished Creatures
  A ball python (D:2)
  3 bats (D:1)
  A goblin (D:1)
  2 hobgoblins (D:1)
7 creatures vanquished.

Notes
Turn   | Place    | Note
-------+----------+-------------------------------------------
     0 | D:1      | dolemite99 the Demonspawn Gladiator began the quest for the
                  | Orb.
     0 | D:1      | Reached XP level 1. HP: 16/16 MP: 1/1
    70 | D:1      | Reached skill level 3 in Polearms
   270 | D:2      | Gained mutation: You have a pair of small antennae on your
                  | head. [demonic ancestry]
   270 | D:2      | Reached XP level 2. HP: 5/22 MP: 2/2
   271 | D:2      | Slain by a kobold

Illustrated notes

Levels and vault maps discovered:
D:1:      scummos_arrival_simple_crosswalls, layout_rooms, serial_corexii_hall,
          corexii_hall_statues_i, corexii_hall_statues_deadend,
          due_unseen_surprise
D:2:      kennysheep_six_static_rooms, layout_basic,
          minmay_misc_feat_nine_boxes, nicolae_ru_the_path_less_chosen,
          uniq_robin

Skill      XL: |  1 |
---------------+----+-----
Polearms       | 3 |  3.2
Fighting       | |  2.0
Throwing       | |  1.7
Dodging        | |  2.6

Action                   || total
-------------------------++-------
Melee: Trident           ||    28
Throw: Throwing net      ||     5
  Use: Potion            ||     2
       Scroll            ||     1
 Stab: Held in net/web   ||     1
Armor: Ring mail         ||    17
       Leather armour    ||     4
Dodge: Dodged            ||    30

Table legend: (Time is in decaauts)
 A = Elapsed time spent in this place.
 B = Non-inter-level travel time spent in this place.
 C = Inter-level travel time spent in this place.
 D = Time resting spent in this place.
 E = Time spent auto-exploring this place.
 F = Levels seen in this place.
 G = Mean time per level.
                   A        B        C        D        E       F      G
               +--------+--------+--------+--------+--------+-----+--------+
         Total |    274 |    274 |      0 |      0 |    131 |   2 |  137.0 |
       Dungeon |    274 |    274 |      0 |      0 |    131 |   2 |  137.0 |
               +--------+--------+--------+--------+--------+-----+--------+

Top non-repeatable levels by time:
     D:1: 270 daAuts
     D:2: 4 daAuts
